[Event "44th Chess Olympiad Women 2022"]
[Site "Chennai"]
[Date "2022.08.02"]
[Round "5.78"]
[White "Morales Santos, Natasha"]
[Black "Ouellet, Maili-Jade"]
[Result "0-1"]
[ECO "D35"]
[WhiteElo "1924"]
[BlackElo "2239"]
[Annotator "NA RC"]
[PlyCount "90"]
[EventDate "2022.07.29"]
[EventType "team-tourn"]
[EventCountry "IND"]
[SourceTitle "playchess.com"]
[Source "ChessBase"]
[SourceQuality "1"]
[WhiteTeam "Puerto Rico"]
[BlackTeam "Canada"]
[WhiteTeamCountry "PUR"]
[BlackTeamCountry "CAN"]
[TimeControl "40/5400+30:1800+30"]

1. d4 Nf6 2. c4 e6 3. Nc3 d5 4. cxd5 exd5 5. Bg5 Be7 6. e3 c6 7. Bd3 Nbd7 8. h3 O-O 9. Bf4 Re8 10. Qc2 a6 11. Nge2 c5 12. dxc5 Nxc5 13. O-O Nxd3 14. Qxd3 Be6 15. Rfd1 b5 16. Nd4 Qb6 17. Rac1 Rac8 18. Nf5 Bf8 19. Bg5 Ne4 20. Nxe4 Rxc1 21. Nh6+ Kh8 22. Rxc1 dxe4 23. Qc3 Rc8 24. Qxc8 Bxc8 25. Rxc8 gxh6 26. Rxf8+ Kg7 27. Be7 Qc7 28. Re8 Qc1+ 29. Kh2 Qxb2 30. a3 f6 31. Bc5 Qxf2 32. Ra8 Qc2 33. Ra7+ Kg6 34. Bd4 Qc6 35. g4 Qd6+ 36. Kg2 Qxa3 37. h4 h5 38. gxh5+ Kxh5 39. Rxh7+ Kg4 40. h5 Qa2+ 41. Kg1 Qb1+ 42. Kg2 Qc2+ 43. Kg1 Qd1+ 44. Kg2 Qe2+ 45. Kg1 Kh3 0-1

[Event "44th Chess Olympiad Women 2022"]
[Site "Chennai"]
[Date "2022.08.02"]
[Round "5.78"]
[White "Vega Jimenez, Keyshla M."]
[Black "Mills, Morgen"]
[Result "0-1"]
[ECO "C27"]
[WhiteElo "1653"]
[BlackElo "1993"]
[Annotator "NA RC"]
[PlyCount "128"]
[EventDate "2022.07.29"]
[EventType "team-tourn"]
[EventCountry "IND"]
[SourceTitle "playchess.com"]
[Source "ChessBase"]
[SourceQuality "1"]
[WhiteTeam "Puerto Rico"]
[BlackTeam "Canada"]
[WhiteTeamCountry "PUR"]
[BlackTeamCountry "CAN"]
[TimeControl "40/5400+30:1800+30"]

1. e4 e5 2. Bc4 Nf6 3. d3 c6 4. Nc3 d5 5. exd5 cxd5 6. Bb3 Be7 7. h3 O-O 8. Nf3 Nc6 9. O-O Be6 10. Re1 Qd6 11. Qe2 Nd7 12. Bd2 f6 13. a3 a6 14. Rad1 Bf7 15. Ba2 Rfe8 16. Qf1 Rac8 17. Ne2 g6 18. Ng3 Bf8 19. c4 Bg7 20. b4 b6 21. cxd5 Bxd5 22. Ne4 Qe6 23. Bxd5 Qxd5 24. Rc1 Nf8 25. Be3 Nd4 26. Nxd4 exd4 27. Bf4 f5 28. Nd6 Rxc1 29. Nxe8 Rxe1 30. Qxe1 Qe6 31. Qxe6+ Nxe6 32. Bd6 Bf8 33. Be5 Kf7 34. Nc7 a5 35. Nxe6 Kxe6 36. Bxd4 axb4 37. axb4 b5 38. Bc3 Kd5 39. Kf1 Bd6 40. Ke2 Bc7 41. Kf3 Bd6 42. Ke3 Bc7 43. f3 Bg3 44. f4 Bh4 45. Kf3 Be7 46. Ke3 Bd8 47. Be1 Bf6 48. Bd2 Bb2 49. Ke2 Kd4 50. Be3+ Kc3 51. Bc5 Ba3 52. Bd6 Bxb4 53. Be5+ Kb3 54. g4 Bc3 55. Ke3 b4 56. Bd6 Kc2 57. Bxb4 Bxb4 58. gxf5 gxf5 59. Kd4 Bc3+ 60. Ke3 Bf6 61. d4 Kc3 62. d5 Kc4 63. d6 Kc5 64. d7 Kd6 0-1

[Event "44th Chess Olympiad Women 2022"]
[Site "Chennai"]
[Date "2022.08.02"]
[Round "5.78"]
[White "Guo, Yu Han"]
[Black "Comas Colon, Rinelly M."]
[Result "1-0"]
[ECO "E70"]
[WhiteElo "1630"]
[BlackElo "1585"]
[Annotator "NA RC COMBH"]
[PlyCount "61"]
[EventDate "2022.07.29"]
[EventType "team-tourn"]
[EventCountry "IND"]
[SourceTitle "playchess.com"]
[Source "ChessBase"]
[SourceQuality "1"]
[WhiteTeam "Canada"]
[BlackTeam "Puerto Rico"]
[WhiteTeamCountry "CAN"]
[BlackTeamCountry "PUR"]
[TimeControl "40/5400+30:1800+30"]

1. d4 Nf6 2. c4 g6 3. Nc3 Bg7 4. e4 d6 5. Nge2 O-O 6. Ng3 e5 7. d5 a5 8. h4 h5 9. Bg5 Qe8 10. Nb5 Na6 11. Qd2 b6 12. Be2 Ng4 13. f3 Nf6 14. Bh6 Kh7 15. Bxg7 Kxg7 16. Qg5 Rh8 17. O-O-O Ng8 18. Rhf1 Qe7 19. Qe3 Nf6 20. Rf2 a4 21. Rdf1 Rf8 22. Qg5 Kh7 23. f4 Bg4 24. Bxg4 hxg4 25. fxe5 dxe5 26. Rxf6 Nc5 27. Nf5 Qxf6 28. Qxf6 gxf5 29. Rxf5 Nd3+ 30. Kb1 Nf4 31. g3 1-0